slyhack, chaotic female human Rogue --------------- |.............. |<............| |.............| |.............-### ----.-------.--# ############ ## ################ --.------ ### # |.......| #---|----- |....(...#####|..>..... |.......| |.......| u |.......| |........####d@ --------- |.......| --------- slyhack the Cutpurse Experience level: 3 Strength: 15 Dexterity: 18 Constitution: 12 Intelligence: 11 Wisdom: 10 Charisma: 10 Health: 0(23) Energy: 12(12) Def: 3 Gold: 0 Moves: 1791 Dungeon seed: ZijAWo-BimOvS8GG Game ID: slyhack_1476791533 Your Inventory: Weapons a - an uncursed +0 short sword (weapon in hand) b - 9 uncursed +0 daggers (in quiver) j - 10 uncursed +0 shuriken x - an uncursed +0 orcish dagger D - 9 cursed -5 shuriken Armor e - an uncursed +1 leather armor (being worn) q - a cursed -2 pair of jumping boots named cursed? Comestibles g - an uncursed cherry t - 3 uncursed food rations Wands A - an uncursed wand of probing (0:2) Tools k - an uncursed lock pick B - an uncursed sack Gems n - an uncursed worthless piece of yellowish brown glass Contents of the sack: 692 gold pieces an uncursed scroll of create monster an uncursed scroll of enchant armor a blessed scroll of genocide a blessed scroll of identify an uncursed scroll of identify an uncursed spellbook of jumping an uncursed potion of oil an uncursed potion of paralysis an uncursed potion of sickness an uncursed potion of sleeping a cursed ring of hunger an uncursed ring of slow digestion an uncursed luckstone Spells and supernatural/magical abilities: Name Level Category Fail Memory W - pray for help -- divine ? -- Your skills at the end: Fighting Skills Weapon Skills dagger [Basic] short sword [Basic] Spellcasting Skills Final Attributes: You were piously aligned. You were stealthy. You are dead. Vanquished creatures: a rock piercer a kitten an iguana 2 coyotes a gas spore a hobbit a gecko 2 jackals a fox a goblin 3 grid bugs a bat 4 lichens 2 kobold zombies 6 newts 28 creatures vanquished. Voluntary challenges: You were an atheist. You used a wielded weapon 14 times, starting on turn 46. You read items or engraved 2 times, starting on turn 1776. You never genocided any monsters. You never polymorphed an object. You never changed form. You used no wishes. You never split a pudding. You wrote Elbereth's name 1 time, starting on turn 1776. You never violated your personal moral code. Dungeon overview: The Dungeons of Doom: levels 1 to 8 Level 1 a fountain a long staircase Level 2 a general store Level 3 Level 4 a fountain Level 5 a fountain Level 6 a sink Level 7 Level 8 <- You were here History has recorded: On T:1 you entered the Dungeons of Doom to retrieve the Amulet of Yendor! On T:458 you reached level 2 of The Dungeons of Doom. On T:882 you reached level 3 of The Dungeons of Doom. On T:960 you advanced to experience level 2. On T:978 you reached level 4 of The Dungeons of Doom. On T:1183 you reached level 5 of The Dungeons of Doom. On T:1426 you reached level 6 of The Dungeons of Doom. On T:1467 you advanced to experience level 3. On T:1575 you reached level 7 of The Dungeons of Doom. On T:1651 you reached level 8 of The Dungeons of Doom. Score breakdown: Gold: 692 ( 9663 points) Experience: 3 levels ( 7878 points) Exploration: 8 levels ( 17.78%) (11965 points) Discoveries: 2 items ( 0.67%) ( 2457 points) Valuables value: (no points given unless you survive) Artifact value: 0 ( 0 points) Variety of kills: 15 monsters ( 3.94%) ( 5952 points) Turncount: 1791 turns ( 0 points) Survival: died (score multiplied by 80%) Total score: 30332 Latest messages: You throw 2 daggers. The 1st dagger misses the pony. The 2nd dagger hits the pony. The pony kicks! The pony bites! The pony kicks! The pony bites! You hear some noises. The gecko is killed! You write in the dust with your fingers. The pony turns to flee! You strike it from behind! b - 3 uncursed +0 daggers (in quiver). b - an uncursed +0 dagger (in quiver). You hear some noises. The pony kicks! The pony bites! You write in the dust with your fingers. The pony kicks! You die... Final status: Goodbye slyhack the Rogue, killed by a pony... You died in The Dungeons of Doom on dungeon level 8 with 30332 points, and 692 pieces of gold, after 1791 moves. You were level 3 with a maximum of 23 hit points when you died.